 Dungeon Crawl Stone Soup version 0.27.1-33-g824d729ab1 (webtiles) character file.

Game seed: 17891268341046062615

23081 Grabarz the Basher (level 13, -8/88 HPs)
             Began as a Gargoyle Monk on Dec 7, 2021.
             Was a Priest of Makhleb.
             Killed by the air
             ... invoked by a wind drake
              (20 damage)
             ... on level 1 of the Shoals.
             The game lasted 01:53:02 (16035 turns).

Grabarz the Basher (Gargoyle Monk)                 Turns: 16035, Time: 01:53:03

Health: -8/88      AC: 18    Str: 21    XL:     13   Next: 4%
Magic:  0/15       EV: 24    Int: 10    God:    Makhleb [***...]
Gold:   779        SH:  5    Dex: 12    Spells: 12/12 levels left

rFire    . . .     SeeInvis .   j - +2 mace (drain)
rCold    . . .     Faith    .   E - +0 buckler
rNeg     + . .     Spirit   +   w - +0 steam dragon scales
rPois    ∞         Reflect  .   (no helmet)
rElec    +         Harm     .   h - +0 cloak
rCorr    .         Rampage  .   n - +0 pair of gloves
Will     .....                  (no boots)
Stlth    ++........             P - amulet of guardian spirit
HPRegen  0.24/turn              a - +4 ring of evasion
MPRegen  0.14/turn              o - +4 ring of evasion

@: very slow
A: sickness immunity, AC +9, negative energy resistance 1, electricity
resistance, torment resistance 1, petrification resistance, iridescent scales 1,
robust 1
a: Renounce Religion, Minor Destruction, Lesser Servant of Makhleb


You were on level 1 of the Shoals.
You worshipped Makhleb.
Makhleb was most pleased with you.
You visited 4 branches of the dungeon, and saw 14 of its levels.

You collected 779 gold pieces.

Inventory:

Hand Weapons
 g - a +2 flail of holy wrath
 j - a +2 mace of draining (weapon)
Missiles
 Q - a throwing net
Armour
 h - a +0 cloak (worn)
 n - a +0 pair of gloves (worn)
 s - a +2 robe of fire resistance
 w - +0 steam dragon scales (worn)
 E - a +0 buckler (worn)
 O - a +0 kite shield
Magical Staves
 u - a staff of death
Jewellery
 a - a +4 ring of evasion (left hand)
 o - a +4 ring of evasion (right hand)
 p - a ring of protection from cold
 x - an amulet of reflection
 P - an amulet of guardian spirit (around neck)
Wands
 k - a wand of flame (8) (quivered)
 l - a wand of polymorph (8)
 z - a wand of paralysis (14)
 H - a wand of digging (6)
 L - a wand of acid (5)
 M - a wand of charming (8)
Scrolls
 b - a scroll of enchant weapon
 d - 8 scrolls of identify
 e - a scroll of summoning
 q - a scroll of silence
 r - 7 scrolls of teleportation
 y - 2 scrolls of magic mapping
 C - a scroll of fog
 N - a scroll of enchant armour {unknown}
 R - a scroll of torment {unknown}
Potions
 c - 2 potions of resistance
 f - a potion of flight
 i - 2 potions of berserk rage
 m - 5 potions of curing
 v - 3 potions of mutation
 A - 2 potions of attraction
 B - a potion of degeneration {unknown}
 D - a potion of magic
 F - a potion of might
 G - a potion of ambrosia
 J - a potion of cancellation
 K - 2 potions of brilliance
Miscellaneous
 t - a phial of floods


   Skills:
 + Level 9.5 Fighting
 + Level 13.5 Maces & Flails
 + Level 9.7 Dodging
 + Level 7.5 Stealth
 + Level 6.3 Shields
 + Level 0.3 Unarmed Combat
 + Level 3.7 Invocations
 + Level 2.5 Evocations


You had 12 spell levels left.
You didn't know any spells.
Your spell library contained the following spells:

 Spells                   Type           Power      Damage    Failure   Level
 Magic Dart               Conj           0%         1d3       36%         1
 Summon Small Mammal      Summ           0%         N/A       36%         1
 Call Imp                 Summ           0%         N/A       50%         2
 Static Discharge         Conj/Air       0%         N/A       50%         2
 Call Canine Familiar     Summ           0%         N/A       75%         3
 Conjure Flame            Conj/Fire      0%         6-21      75%         3
 Ignite Poison            Fire/Tmut/Pois 0%         N/A       75%         3
 Mephitic Cloud           Conj/Pois/Air  0%         N/A       75%         3
 Portal Projectile        Hex/Tloc       0%         N/A       75%         3
 Summon Guardian Golem    Hex/Summ       0%         N/A       75%         3
 Dispel Undead            Necr           0%         3d6       98%         4
 Sticky Flame             Conj/Fire      0%         2d3       98%         4
 Blade Hands              Tmut           0%         N/A       100%        5
 Bolt of Magma            Conj/Fire/Erth 0%         4d4       100%        5
 Excruciating Wounds      Necr           0%         N/A       100%        5


Dungeon Overview and Level Annotations

Branches:
Dungeon (10/15)            Temple (1/1) D:4            Lair (2/6) D:10
 Shoals (1/4) Lair:2          Orc (0/2) D:10
  Snake: Lair:2-4    Spider: Lair:2-4

Altars:
Ashenzari
Cheibriados
Dithmenos
Elyvilon
Fedhas
Gozag
Hepliaklqana
Kikubaaqudgha
Makhleb
Nemelex Xobeh
Okawaru
Qazlal
Ru
Sif Muna
Trog
Uskayaw
Vehumet
Wu Jian
Xom
Yredelemnul
Zin
The Shining One

Shops:
D:2 *


Innate Abilities, Weirdness & Mutations

You are immune to sickness and miasma.
Your stone body is resilient. (AC +9)
You are immune to poison.
You resist negative energy. (rN+)
You are resistant to electric shocks. (rElec)
You are resistant to unholy torment.
You are immune to petrification.
You are partially covered in iridescent scales. (AC +2)
You are robust. (+10% HP)


Message History

The merfolk hits you but does no damage.
The merfolk aquamancer casts a spell at you.
The torrent of water misses you.
You hear a splash.
You hear a screech! x2
Your unstable footing causes you to fumble your attack.
The water elemental completely misses you.
You barely miss the water elemental.
The water elemental is heavily damaged.
The merfolk misses you. The merfolk aquamancer misses you.
Your unstable footing causes you to fumble your attack.
The water elemental closely misses you. The merfolk barely misses you.
The merfolk aquamancer hits you with a +0 rapier!
Your unstable footing causes you to fumble your attack.
The water elemental misses you. The merfolk completely misses you.
The merfolk aquamancer casts a spell at you.
The shard of ice misses you.
A wind drake comes into view.
The merfolk throws a boomerang.
The boomerang misses you.
The merfolk aquamancer hits you with a +0 rapier.
The merfolk aquamancer gestures at you while chanting.
The torrent of water passes through the water elemental.
You block the torrent of water.
The wave splashes down.
You block the water elemental's attack.
The merfolk hits you from afar with a +0 trident of flaming!!
* * * LOW HITPOINT WARNING * * *
The merfolk burns you!
* * * LOW HITPOINT WARNING * * *
The wind drake hisses angrily.
You hear a screech! x5
You feel better. The merfolk completely misses you.
You feel much better.
The wind drake bites you but does no damage.
The merfolk aquamancer points at you and mumbles some strange words.
The torrent of water hits you!!
* * * LOW HITPOINT WARNING * * *
You are knocked back by the torrent of water.
Splash!
The wave splashes down.
The wind drake flaps its wings at you. The air twists around and strikes you!!
You die...

≈≈≈..........≈≈......##.≈≈≈≈≈
≈≈≈≈........≈≈..........≈≈≈≈≈
≈≈≈≈≈...≈≈≈≈≈≈.##.......≈≈≈≈≈
≈≈≈≈....≈≈≈≈≈.##....≈..≈...≈≈
≈≈.###.)≈.≈≈E≈≈≈..≈≈≈≈≈≈..≈..
#..≈..≈kmm≈..≈≈≈≈≈≈≈≈≈≈
###.)≈≈≈###..≈≈≈≈≈≈≈≈≈≈
##...≈≈≈##...≈....≈≈≈≈≈
......≈≈@....≈≈....≈≈≈
....(.........≈....≈≈≈
..###...........≈≈≈≈≈≈≈ ..
#....≈.......≈≈≈≈≈≈≈
....≈≈≈...###.≈≈≈≈≈≈≈
≈...≈≈≈≈≈≈.###..≈≈≈≈≈≈
≈≈≈≈≈≈≈≈≈≈...#..≈≈≈≈≈≈
≈≈≈≈≈≈≈≈......≈≈≈≈≈≈≈
≈≈≈≈≈≈≈.<.≈≈≈≈≈≈≈≈


You could see a merfolk aquamancer, a wind drake (repels missiles) and a water
elemental.

Vanquished Creatures
  2 hydras
  A two-headed ogre (D:7)
  A deep elf pyromancer (D:7)
  4 harpies (Shoals:1)
  2 cyclopes (D:7)
  A faun (Shoals:1)
  Joseph (D:7)
  3 cane toads (Lair:1)
  Psyche (D:8)
  Maggie (D:7)
  An efreet (D:7)
  2 komodo dragons (Lair:2)
  2 merfolk (Shoals:1)
  A polar bear (Lair:2)
  A troll (D:10)
  A slime creature (D:7)
  9 blink frogs (Lair:1)
  14 yaks
  4 wraiths
  4 wyverns
  A basilisk (Lair:1)
  2 water elementals (Shoals:1)
  2 humans (D:9)
  A steam dragon (D:6)
  A vampire mosquito (D:7)
  Duvessa (D:6)
  11 water moccasins
  A black bear (D:6)
  An orc warrior (D:7)
  2 ice beasts
  A sky beast (D:5)
  2 ogres
  10 wolves (Lair:1)
  6 centaurs
  2 kobold brigands
  2 phantoms
  8 bullfrogs
  5 scorpions
  Dowan (D:6)
  2 gnoll sergeants (D:8)
  A wyvern zombie (D:7)
  4 water moccasin zombies
  A wyvern skeleton (D:6)
  5 killer bees
  A water moccasin skeleton (D:5)
  4 wights (D:8)
  An electric eel (D:6)
  A bullfrog zombie (D:7)
  8 centaur zombies
  2 centaur skeletons
  2 bullfrog skeletons
  3 jellies
  2 orc priests (D:10)
  3 iron imps (D:9)
  3 hounds
  Terence (D:3)
  Jessica (D:3)
  4 gnoll shamans
  5 iguanas
  4 orc wizards
  2 killer bee zombies (D:7)
  2 howler monkey zombies (D:9)
  A howler monkey skeleton (D:4)
  19 gnolls
  6 river rats (D:5)
  11 adders
  2 shadow imps (D:7)
  7 white imps
  2 ufetubi
  An adder skeleton (D:5)
  3 worms
  2 dart slugs
  20 orcs
  3 endoplasms
  2 giant cockroaches
  6 hobgoblins
  11 quokkas
  5 ball pythons
  2 frilled lizards
  5 goblins
  10 kobolds
  17 rats
  A spectral hobgoblin (D:6)
314 creatures vanquished.

Vanquished Creatures (collateral kills)
  An oklob plant (Lair:1)
1 creature vanquished.

Vanquished Creatures (others)
  A slime creature (D:7)
  A hound (D:6)
  A centaur skeleton (D:7)
  An orc wizard (D:6)
  A killer bee zombie (D:7)
  A gnoll (D:8)
  A fungus (D:10)
  14 plants
21 creatures vanquished.

Grand Total: 336 creatures vanquished

Notes
Turn   | Place    | Note
-------+----------+-------------------------------------------
     0 | D:1      | Grabarz the Gargoyle Monk began the quest for the Orb.
     0 | D:1      | Reached XP level 1. HP: 14/14 MP: 1/1
   115 | D:1      | Reached XP level 2. HP: 11/19 MP: 2/2
  1110 | D:2      | Reached XP level 3. HP: 23/23 MP: 3/3
  1149 | D:2      | Found Kaomig's General Store.
  1355 | D:2      | Found a faded altar of an unknown god.
  1862 | D:3      | Noticed Jessica
  1867 | D:3      | Killed Jessica
  1868 | D:3      | Reached skill level 4 in Maces & Flails
  1868 | D:3      | Reached XP level 4. HP: 29/29 MP: 4/4
  2229 | D:3      | Found a sparkling altar of Nemelex Xobeh.
  2262 | D:3      | Noticed Terence
  2274 | D:3      | Killed Terence
  2294 | D:3      | Reached XP level 5. HP: 31/33 MP: 5/5
  2699 | D:4      | Reached skill level 5 in Maces & Flails
  2699 | D:4      | Reached XP level 6. HP: 37/38 MP: 6/6
  2758 | D:4      | Found a staircase to the Ecumenical Temple.
  3403 | Temple   | Entered the Ecumenical Temple
  3489 | D:5      | Entered Level 5 of the Dungeon
  3529 | D:5      | Reached XP level 7. HP: 43/44 MP: 7/7
  3639 | D:5      | Reached skill level 6 in Maces & Flails
  4173 | D:5      | Found a broken altar of Ashenzari.
  4173 | D:5      | Found a glowing golden altar of the Shining One.
  4227 | D:5      | Reached skill level 7 in Maces & Flails
  4236 | D:5      | Found a hide-covered altar of Uskayaw.
  4310 | D:5      | Reached XP level 8. HP: 35/48 MP: 8/8
  4412 | D:5      | Identified the +1 robe of the Hurricane {Fly Will-
                  | Archmagi}
  4530 | D:5      | Found a shimmering blue altar of Sif Muna.
  4542 | D:5      | Reached skill level 5 in Fighting
  4848 | D:6      | Reached skill level 8 in Maces & Flails
  4848 | D:6      | Reached skill level 5 in Stealth
  4970 | D:5      | Gained mutation: You are partially covered in iridescent
                  | scales. (AC +2) [potion of mutation]
  4970 | D:5      | Gained mutation: You are robust. (+10% HP) [potion of
                  | mutation]
  5153 | D:6      | Found a hazy altar of Hepliaklqana.
  5209 | D:6      | Noticed Duvessa
  5209 | D:6      | Noticed Dowan
  5223 | D:6      | Killed Duvessa
  5224 | D:6      | Reached XP level 9. HP: 59/59 MP: 9/9
  5241 | D:6      | Killed Dowan
  5242 | D:6      | Reached skill level 9 in Maces & Flails
  5575 | D:6      | Reached skill level 5 in Dodging
  5913 | D:6      | Identified the +5 ring mail "Cextif" {rN+ rCorr Str-5}
  6488 | D:7      | Noticed a deep elf pyromancer
  6529 | D:7      | Reached skill level 10 in Maces & Flails
  6547 | D:7      | Killed a deep elf pyromancer
  6548 | D:7      | Reached XP level 10. HP: 40/67 MP: 10/10
  6765 | D:7      | Noticed a cyclops
  6779 | D:7      | Killed a cyclops
  6888 | D:7      | Noticed a two-headed ogre
  6977 | D:7      | Killed a two-headed ogre
  6978 | D:7      | Reached skill level 11 in Maces & Flails
  7237 | D:7      | Noticed a five-headed hydra
  7282 | D:7      | Found a white marble altar of Elyvilon.
  7297 | D:7      | Found a stormy altar of Qazlal.
  7370 | D:7      | Noticed an eight-headed hydra
  7935 | D:7      | Noticed a cyclops
  7984 | D:7      | Killed a cyclops
  8164 | D:7      | Killed an eight-headed hydra
  8165 | D:7      | Reached XP level 11. HP: 45/74 MP: 11/11
  8569 | D:8      | Noticed Maggie
  8729 | D:8      | Noticed Joseph
  8758 | D:7      | Killed Maggie
  8981 | D:7      | Killed Joseph
  9173 | D:8      | Found a sacrificial altar of Ru.
  9174 | D:8      | Noticed Psyche
  9188 | D:8      | Killed Psyche
  9189 | D:8      | Reached skill level 12 in Maces & Flails
 10271 | D:9      | Found an ornate altar of the Wu Jian Council.
 10294 | D:9      | Found a burning altar of Makhleb.
 10329 | D:9      | Became a worshipper of Makhleb the Destroyer
 10329 | D:9      | Reached * piety under Makhleb
 10329 | D:9      | Reached ** piety under Makhleb
 10556 | D:9      | Found an iron altar of Okawaru.
 10687 | D:10     | Entered Level 10 of the Dungeon
 10801 | D:10     | Reached skill level 1 in Invocations
 10850 | D:10     | Reached skill level 1 in Shields
 10916 | D:10     | Found a staircase to the Lair.
 11266 | D:10     | Reached XP level 12. HP: 82/82 MP: 13/13
 11466 | D:10     | Found a staircase to the Orcish Mines.
 11653 | Lair:1   | Entered Level 1 of the Lair of Beasts
 12097 | Lair:1   | Reached *** piety under Makhleb
 12098 | Lair:1   | Reached skill level 13 in Maces & Flails
 12105 | Lair:1   | Identified the +2 robe of Cloud Cover {Fly rF+ Str-4 Int+4}
 12120 | Lair:1   | Noticed a four-headed hydra
 12134 | Lair:1   | Killed a four-headed hydra
 12203 | Lair:1   | Found a gate leading to a gauntlet.
 14216 | Lair:1   | HP: 3/83 [acid (15)]
 14218 | Lair:1   | Reached skill level 5 in Shields
 14675 | Lair:2   | Reached skill level 1 in Evocations
 15145 | Lair:2   | Found a staircase to the Shoals.
 15433 | Shoals:1 | Entered Level 1 of the Shoals
 15726 | Shoals:1 | Reached XP level 13. HP: 49/88 MP: 15/15
 16035 | Shoals:1 | Killed from afar by a wind drake

Illustrated notes

Levels and vault maps discovered:
D:1:      dpeg_arrival_signposts, layout_rooms, serial_forest,
          infiniplex_forest_clump_small, infiniplex_forest_lined_room_2,
          infiniplex_forest_end_3, infiniplex_forest_lined_2,
          minmay_misc_feat_columns, grunt_decor_junction, minmay_quantized
D:2:      layout_basic, serial_shops, shop,
          hellmonk_ecumenical_altar_crossroads, item_on_display_a
D:3:      layout_loops_ring, nemelex_diamond_rough_becter, uniq_jessica,
          uniq_terence
D:4:      layout_rooms, temple_statues, corner_web_ring,
          chequers_serial_rivers_micro_c, grunt_tough_drop
D:5:      lemuel_ratsnest, layout_gridville, nicolae_uskayaw_dance_hall,
          kennysheep_little_box, gammafunk_temple_overflow_wave
D:6:      minmay_razor_zed, layout_gridville,
          nicolae_hepliaklqana_monster_ancestors, minivault_4, uniq_duvessa
D:7:      nzn_winding_woodlands_large [nzn_winding_woodlands_5x5_open_star,
          nzn_winding_woodlands_5x15_crooked,
          nzn_winding_woodlands_5x5_perimeter,
          nzn_winding_woodlands_center_triple_pond,
          nzn_winding_woodlands_15x15_thick_spiral,
          nzn_winding_woodlands_center_pierced_h,
          nzn_winding_woodlands_5x5_checkerboard,
          nzn_winding_woodlands_5x15_pathside_ponds,
          nzn_winding_woodlands_5x5_default], layout_basic,
          mainiacjoe_overflow_concentric_impassable, elyvilon_altar_1,
          chequers_avenue, lightli_corner_chamber
D:8:      layout_basic, mainiacjoe_overflow_cross_hatched, uniq_maggie,
          uniq_joseph, uniq_psyche
D:9:      layout_roguey, kennysheep_mini, demons_altar, okawaru_humans
D:10:     layout_basic, minmay_lair_entry_grove, orc_0_dummy
Temple:   eino_wide_crystal_templ
Lair:1:   layout_roguey, gauntlet_entry_generic, chequers_serial_rivers_micro_b,
          minmay_lair_oklob_chamber
Lair:2:   layout_small_grid, elwin_shoals_entry_rocks, grunt_megastairs_2
Shoals:1: layout_shoals, uniq_nikola

Skill      XL: |  1  2  3  4  5  6  7  8  9 10 11 12 |
---------------+-------------------------------------+-----
Maces & Flails | 4 5 7 8 10 11 12 13 | 13.5
Dodging        | 3 4 6 7 8 9 |  9.7
Stealth        | 3 4 5 6 7 |  7.5
Fighting       | 4 5 6 7 8 9 |  9.5
Invocations    | 1 3 |  3.7
Shields        | 2 6 |  6.3
Evocations     | 2 |  2.5
Unarmed Combat | |  0.3

Action                   |  1- 3 |  4- 6 |  7- 9 | 10-12 | 13-15 || total
-------------------------+-------+-------+-------+-------+-------++-------
Melee: Mace              |   115 |   137 |   439 |  1087 |    62 ||  1840
       Unarmed           |       |       |       |     7 |       ||     7
Invok: Minor Destruction |       |       |       |    47 |     1 ||    48
       Lesser Servant of |       |       |       |     1 |       ||     1
Evoke: Wand              |       |       |       |    22 |       ||    22
  Use: Scroll            |     8 |     2 |     2 |     2 |       ||    14
       Potion            |     4 |       |     6 |     5 |     2 ||    17
 Stab: Sleeping          |     2 |     7 |    12 |     6 |     1 ||    28
       Distracted        |       |       |       |     2 |       ||     2
Armor: Robe              |    11 |    35 |    86 |       |       ||   132
       Steam dragon scal |       |       |    35 |   252 |     9 ||   296
       Skin              |       |       |     5 |       |       ||     5
Dodge: Dodged            |    61 |    88 |   387 |  1162 |    44 ||  1742
Block: Buckler           |       |       |       |   265 |    10 ||   275
       Other             |       |       |       |    14 |       ||    14
       Reflection        |       |       |       |    11 |       ||    11
